Map: 16-Bit LE

Players

Harstem - Winner!

  • Race: Protoss Protoss
  • League: Master
  • Spawn Location: 7:00

Bunny

  • Race: Terran Terran
  • League: Diamond
  • Spawn Location: 1:00

Event: HomeStory Cup XVII

VOD

Have the link to the VOD?

Description

Time

  • Played on: June 30, 2018, 5:23 p.m.
  • Length: 15:51

All games in this series

Show
View Real Time Build Order
Export as new Build Order

Harstem Protoss - Winner!

Build Orders: 1 Gate Expand, Oracle Opening 

Get SALT Encoding   

  12  0:00  Probe  
  13  0:13  Probe  
  14  0:19  Pylon  
  14  0:24  Probe  
  15  0:32  Probe  
  15  0:38  Gateway  
  15  0:41  Probe  
  17  0:51  Probe  
  18  0:59  Assimilator  
  18  1:03  Probe  
  19  1:15  Probe  
  20  1:31  Nexus  
  20  1:33  Cybernetics Core  
  20  1:34  Probe  
  21  1:41  Assimilator  
  21  1:46  Probe  
  22  1:51  Pylon  
  22  1:59  Probe  
  22  2:00  Adept  
  23  2:11  Probe  
  26  2:18  Stargate  
  26  2:23  Probe  
  26  2:29  Adept  
  29  2:31  Warp Gate  
  29  2:35  Probe  
  30  2:40  Probe  
  31  2:47  Probe  
  31  2:48  Probe  
  32  2:52  Oracle  
  32  2:58  Probe  
  33  2:59  Probe  
  38  3:09  Adept  
  38  3:10  Probe  
  38  3:11  Probe  
  42  3:21  Pylon  
  42  3:22  Probe  
  42  3:23  Probe  
  44  3:34  Probe  
  44  3:38  Probe  
  44  3:40  Oracle  
  46  3:45  Nexus  
  46  3:46  Probe  
  46  3:47  Pylon  
  50  3:54  Probe  
  51  3:58  Probe  
  51  4:02  Forge, Twilight Council  
  52  4:06  Probe  
  52  4:09  Phoenix  
  53  4:10  Probe  
  53  4:15  Assimilator  
  54  4:18  Probe  
  54  4:21  Assimilator  
  54  4:23  Probe  
  58  4:28  Pylon  
  58  4:30  Probe  
  59  4:35  Probe  
  59  4:36  Phoenix  
  62  4:42  Probe  
  62  4:43  Protoss Ground Weapons Level 1  
  60  4:47  Probe  
  61  4:53  Gateway  
  61  4:54  Probe, Blink  
  61  4:55  Gateway  
  61  4:56  Probe  
  61  4:59  Probe  
  64  5:06  Probe  
  65  5:10  Probe  
  65  5:11  Probe  
  67  5:15  Pylon  
  67  5:18  Probe  
  64  5:22  Probe  
  64  5:24  Probe  
  66  5:30  Probe x2  
  66  5:33  Robotics Facility  
  68  5:36  Probe  
  68  5:40  Probe  
  70  5:43  Probe, Pylon  
  72  5:50  Sentry  
  72  5:55  Probe, Gateway  
  72  5:56  Sentry, Gateway  
  76  5:58  Gateway  
  76  5:59  Shield Battery  
  76  6:01  Probe  
  78  6:04  Assimilator, Sentry  
  78  6:07  Probe  
  80  6:12  Probe, Gateway x2  
  80  6:13  Probe  
  82  6:19  Probe  
  82  6:24  Probe  
  82  6:25  Stalker x2  
  88  6:26  Probe  
  88  6:27  Photon Cannon  
  88  6:30  Shield Battery  
  89  6:34  Probe  
  89  6:36  Probe, Pylon  
  91  6:40  Pylon  
  91  6:41  Probe, Protoss Ground Armor Level 1  
  91  6:47  Stalker, Pylon  
  94  6:55  Stalker  
  94  6:56  Stalker  
  94  6:57  Probe x2, Photon Cannon  
  94  7:01  Robotics Bay  
  100  7:05  Probe  
  101  7:10  Stalker x3  
  101  7:13  Probe  
  101  7:20  Warp Prism  
  101  7:23  Charge  
  101  7:25  Probe x2  
  104  7:30  Probe  
  104  7:33  Forge  
  106  7:38  Assimilator  
  106  7:40  Photon Cannon  
  106  7:42  Zealot x3  
  112  7:50  Stalker, Zealot x2  
  118  7:51  Disruptor  
  118  7:57  Zealot x2  
  122  8:01  Protoss Ground Weapons Level 2  
  125  8:10  Pylon  
  125  8:12  Pylon  
  125  8:14  Pylon  
  125  8:16  Disruptor  
  125  8:23  Probe  
  124  8:28  Pylon  
  124  8:30  Stalker x4, Zealot x2  
  139  8:39  Protoss Ground Armor Level 2  
  139  8:44  Disruptor  
  139  8:51  Probe  
  143  8:58  Zealot x4  
  149  9:06  Pylon  
  149  9:07  Nexus  
  149  9:08  Pylon  
  149  9:12  Dark Shrine  
  149  9:17  Disruptor, Zealot x4  
  147  9:26  Zealot x4  
  154  9:39  Zealot x4  
  154  9:42  Disruptor  
  158  9:51  Probe, Pylon  
  153  9:53  Pylon  
  153  9:55  Pylon  
  150  10:01  Stalker x3  
  150  10:03  Probe x2  
  150  10:04  Probe  
  151  10:14  Protoss Ground Weapons Level 3  
  151  10:18  Stalker x4  
  151  10:19  Stalker  
  159  10:31  Disruptor  
  159  10:35  Stalker x3  
  168  10:56  Zealot x5  
  175  11:03  Oracle  
  153  11:04  Disruptor  
  153  11:07  Zealot x3  
  146  11:14  Protoss Ground Armor Level 3  
  147  11:21  Stalker x2  
  147  11:22  Stalker x3  
  155  11:34  Probe x2  
  155  11:36  Photon Cannon  
  155  11:39  Assimilator, Disruptor, Photon Cannon  
  157  11:40  Shield Battery, Photon Cannon  
  157  11:44  Assimilator  
  157  11:45  Dark Templar x3  
  157  11:46  Dark Templar, Zealot  
  170  11:49  Dark Templar  
  172  12:04  Stalker, Zealot  
  172  12:07  Stalker  
  176  12:15  Disruptor  
  170  12:19  Stalker x4  
  166  12:32  Stalker x4  
  162  12:42  Disruptor  
  152  12:51  Zealot x4  
  150  12:53  Protoss Shields Level 1, Gateway  
  150  12:56  Gateway  
  157  12:59  Gateway  
  157  13:01  Gateway  
  157  13:07  Dark Templar, Zealot, Nexus  
  157  13:08  Pylon, Zealot  
  157  13:10  Assimilator  
  157  13:12  Assimilator  
  158  13:21  Disruptor  
  158  13:22  Zealot x5  
  169  13:43  Stalker x7  
  183  13:51  Fleet Beacon  
  183  13:55  Stalker  
  184  13:57  Stargate  
  168  14:17  Zealot x4  
  168  14:18  Zealot x5  
  182  14:24  Disruptor  
  172  14:32  Zealot x3  
  181  14:40  Zealot x4, Dark Templar  
  181  14:55  Dark Templar  
  180  15:10  Nexus  
  173  15:33  Zealot x4  
  173  15:34  Zealot x3  
Show
View Real Time Build Order
Export as new Build Order

Bunny Terran 

Build Orders: Gas First Reaper Expand, Reaper Expand, MMM Bio 

Get SALT Encoding   

  12  0:00  SCV  
  13  0:12  SCV  
  14  0:17  Supply Depot  
  14  0:24  SCV  
  15  0:29  Refinery  
  15  0:39  SCV  
  16  0:46  Barracks  
  16  0:51  SCV  
  17  1:03  SCV  
  18  1:15  SCV  
  19  1:33  Orbital Command, Reaper  
  20  1:46  Command Center  
  20  1:56  Factory  
  20  2:00  SCV  
  21  2:06  Barracks Reactor  
  21  2:10  Supply Depot  
  21  2:13  SCV  
  22  2:20  Refinery  
  22  2:25  SCV  
  23  2:37  SCV  
  24  2:45  Starport  
  24  2:49  SCV, Hellion x2  
  29  2:57  Orbital Command  
  29  3:01  SCV  
  30  3:10  Widow Mine x2  
  34  3:13  SCV  
  34  3:15  Barracks Tech Lab  
  35  3:22  Medivac  
  35  3:24  SCV  
  35  3:25  SCV  
  39  3:29  Supply Depot  
  39  3:33  Widow Mine  
  41  3:37  Widow Mine  
  39  3:42  SCV x2  
  40  3:52  Marine  
  40  3:54  Widow Mine  
  45  3:56  SCV x2  
  45  3:58  Widow Mine  
  47  4:04  Command Center  
  47  4:07  Medivac  
  49  4:11  SCV, Marine  
  49  4:12  SCV  
  52  4:18  Supply Depot  
  52  4:21  Stimpack  
  52  4:24  SCV  
  52  4:25  SCV  
  54  4:37  Barracks  
  54  4:38  Barracks  
  54  4:41  Marine  
  54  4:44  SCV x2  
  53  4:46  Factory Tech Lab  
  53  4:47  Starport Reactor  
  53  4:55  Engineering Bay  
  53  4:56  Engineering Bay, SCV x2  
  53  4:58  Refinery  
  53  4:59  Refinery  
  55  5:05  Marine  
  56  5:08  SCV x2  
  56  5:11  Supply Depot  
  56  5:16  Factory Reactor  
  56  5:19  Orbital Command  
  56  5:22  SCV x2  
  56  5:24  Marine  
  56  5:25  Marine x2  
  56  5:28  Terran Infantry Weapons Level 1, Terran Infantry Armor Level 1  
  61  5:33  Medivac  
  61  5:35  Marine  
  64  5:39  Orbital Command  
  64  5:41  SCV x2  
  64  5:42  Marine, Medivac  
  65  5:43  Marine x2  
  65  5:51  Combat Shield  
  65  5:53  Marine  
  65  5:57  SCV x2  
  68  6:00  Marine  
  68  6:01  Marine x2  
  68  6:02  Missile Turret  
  68  6:03  Medivac  
  73  6:04  Supply Depot  
  73  6:11  Barracks  
  73  6:13  Barracks  
  73  6:15  SCV x3, Medivac  
  73  6:18  Marine x2  
  78  6:19  Marine  
  78  6:21  Marine  
  78  6:27  SCV x2  
  78  6:32  Missile Turret  
  77  6:36  Marine x3  
  77  6:38  Marine  
  77  6:39  SCV  
  82  6:40  SCV x2  
  83  6:51  SCV  
  83  6:52  SCV x2  
  86  7:00  Armory  
  86  7:04  Marauder x2, SCV x3  
  86  7:05  Barracks Tech Lab  
  86  7:06  Barracks Reactor  
  93  7:10  Concussive Shells  
  93  7:11  Marine  
  93  7:13  Marine  
  93  7:15  Supply Depot x3  
  93  7:21  SCV  
  93  7:23  Marauder  
  93  7:26  Marauder, SCV  
  93  7:27  Supply Depot  
  93  7:29  Supply Depot  
  93  7:36  SCV x2, Marine x2  
  93  7:37  Marauder  
  99  7:38  SCV  
  99  7:43  Supply Depot x2  
  100  7:44  Supply Depot  
  100  7:45  Marauder  
  100  7:47  Refinery  
  100  7:48  Refinery, SCV x2  
  100  7:50  SCV  
  105  7:55  Marauder  
  105  7:56  Terran Infantry Weapons Level 2  
  105  7:57  Terran Infantry Armor Level 2  
  105  7:58  Marauder  
  109  8:00  SCV x2  
  109  8:02  SCV, Marine x2  
  109  8:05  Marine x2  
  114  8:06  Marauder  
  118  8:16  Marauder  
  118  8:19  Marauder  
  122  8:20  Marine x2  
  122  8:21  Medivac x2  
  122  8:23  Widow Mine x2, Marine x2  
  122  8:24  SCV x2  
  134  8:27  SCV  
  134  8:28  Marauder  
  134  8:30  Supply Depot  
  137  8:37  Liberator x2  
  137  8:38  Marauder  
  137  8:40  Marine x2  
  137  8:41  Marauder  
  143  8:47  Starport, Fusion Core  
  143  8:49  Marauder  
  151  8:58  Command Center  
  151  9:02  Marauder x2  
  153  9:05  Marine x2  
  153  9:06  Marine  
  156  9:16  Marauder  
  158  9:19  Liberator  
  158  9:20  Liberator  
  158  9:24  Marauder  
  153  9:26  Marauder  
  153  9:27  Marine x2  
  153  9:28  Marine x2  
  153  9:30  SCV x3  
  157  9:37  Marauder  
  161  9:44  Marine  
  161  9:45  Marine x2  
  155  9:47  Marauder  
  155  9:48  Marine x2  
  150  9:59  Marauder  
  150  10:02  Marine  
  150  10:03  Marine x2  
  150  10:04  Starport Tech Lab  
  150  10:05  Terran Ship Weapons Level 1  
  150  10:06  Marine x2  
  153  10:07  Liberator  
  153  10:08  Marauder  
  153  10:12  Missile Turret, SCV  
  153  10:13  SCV  
  158  10:15  Missile Turret  
  158  10:16  Refinery  
  158  10:19  Liberator  
  158  10:20  Marauder, Marine, Liberator  
  158  10:21  Marine  
  161  10:23  SCV  
  161  10:25  SCV x2  
  163  10:30  Advanced Ballistics  
  163  10:40  Marauder x2  
  163  10:42  Marine x2  
  174  10:44  Planetary Fortress  
  174  10:46  SCV  
  171  10:51  Liberator  
  170  11:01  Marauder  
  170  11:02  Liberator  
  170  11:03  Liberator  
  151  11:04  Marine  
  151  11:05  Marine  
  151  11:10  Widow Mine x2  
  148  11:13  Marauder  
  148  11:14  Marauder  
  148  11:15  Marine x2  
  153  11:22  SCV x4  
  163  11:34  SCV x4  
  163  11:35  Marauder x2, Marine x2  
  163  11:36  Marauder, Marine x2  
  176  11:46  SCV x3  
  166  11:53  Marine, SCV, Barracks  
  168  11:54  Barracks  
  168  11:58  SCV x2  
  168  12:00  Marauder  
  168  12:01  Marauder x2  
  176  12:02  Marine x2  
  175  12:08  SCV x2  
  175  12:10  SCV x2  
  167  12:20  SCV  
  164  12:25  SCV x3  
  164  12:29  Missile Turret  
  158  12:32  Liberator x2  
  158  12:33  Marauder x3, Marine x4, Liberator  
  161  12:37  Terran Infantry Armor Level 3, Terran Infantry Weapons Level 3  
  145  12:51  Marine  
  142  12:54  Marine x3  
  142  12:55  Barracks Tech Lab, Barracks Reactor  
  144  13:00  Marauder x3  
  150  13:09  Terran Ship Weapons Level 2  
  150  13:15  Liberator  
  148  13:24  Marauder  
  148  13:25  Marauder x3, Marine x4  
  160  13:33  Refinery x2  
  161  13:43  Marine x2  
  161  13:46  Marauder x4  
  171  13:48  Marine  
  171  13:49  Marine  
  171  13:52  Sensor Tower  
  171  13:53  Command Center  
  171  13:55  Liberator  
  168  14:05  Marine x4  
  168  14:07  Marauder x2  
  168  14:08  Marauder x2  
  176  14:13  Liberator  
  176  14:14  Marine  
  176  14:15  Marine  
  180  14:19  Supply Depot  
  180  14:23  Marine  
  173  14:26  Liberator, Marine x2  
  173  14:29  Marauder x3  
  169  14:37  Liberator  
  169  14:39  SCV x4  
  169  14:40  Marauder  
  169  14:44  Marine  
  169  14:45  Marine  
  179  14:47  Marine  
  179  14:48  Marine  
  179  14:50  Marauder x3  
  179  14:52  Marine x2  
  162  15:24  Marauder, Marine x3  
  162  15:25  Marine  
  162  15:26  Marauder  
  162  15:27  Marine  
Tags
 
Add a new tag
Caveats
  • Supply blocks, unpowered buildings, or Contaminate may cause inaccurate times.
  • Supply counts are checked every 10 seconds.